 Dungeon Crawl Stone Soup version 0.21.0 (webtiles) character file.

6153 Hekarica the Slicer (level 10, -2/69 HPs)
             Began as a White Draconian Venom Mage on May 19, 2018.
             Was a Priest of Elyvilon.
             Slain by a yak (5 damage)
             ... on level 8 of the Dungeon.
             The game lasted 01:59:16 (9760 turns).

Hekarica the Slicer (White Draconian Venom Mage)    Turns: 9760, Time: 01:59:17

Health: -2/69      AC: 17    Str: 14    XL:     10   Next: 59%
Magic:  3/21       EV: 15    Int: 18    God:    Elyvilon [***...]
Gold:   41         SH:  0    Dex: 14    Spells: 2/24 levels left

rFire    + . .     SeeInvis .   w - +8 scythe "Blob" {protect, Str+3 Stlth+}
rCold    + . .     Gourm    .   (shield currently unavailable)
rNeg     . . .     Faith    .   (armour unavailable)
rPois    .         Spirit   .   (helmet restricted)
rElec    .         Reflect  .   (no cloak)
rCorr    .         Harm     .   y - +2 pair of gloves
MR       +....                  (no boots)
Stlth    ++++......             (no amulet)
HPRegen  0.21/turn              q - ring of protection from magic
MPRegen  0.17/turn              h - ring of protection from fire

@: protection aura, very slightly contaminated
A: breathe frost, unfitting armour, hooves 1, agile 1, cold resistance 1,
cold-blooded, AC +7
a: Breathe Frost, Lesser Healing, Heal Other, Purification, Divine Protection,
Renounce Religion


You were on level 8 of the Dungeon.
You worshipped Elyvilon.
Elyvilon was most pleased with you.
You were not hungry.

You visited 2 branches of the dungeon, and saw 9 of its levels.
You also visited: Sewer.

You collected 585 gold pieces.
You spent 544 gold pieces at shops.

Inventory:

Hand Weapons
 g - a +1 short sword of speed
 p - a +3 dagger
 r - a +3 spear of freezing
 w - the +8 scythe "Blob" (weapon) {protect, Str+3 Stlth+}
   (You took it off an orc priest on level 8 of the Dungeon)

   It protects the one who uses it against injury (+AC on strike).
   It affects your strength (+3).
   It makes you more stealthy.
Armour
 v - a +0 shield
 y - a +2 pair of gloves (worn)
Magical Staves
 m - an uncursed staff of fire
Jewellery
 h - a ring of protection from fire (right hand)
 j - an uncursed amulet of rage
 n - an uncursed ring of protection from cold
 o - an uncursed ring of stealth {unknown}
 q - a ring of protection from magic (left hand)
Wands
 d - a wand of iceblast (11)
Scrolls
 f - a scroll of fog
 i - a scroll of teleportation
 l - 2 scrolls of remove curse
 s - 2 scrolls of identify
 x - a scroll of vulnerability {unknown}
Potions
 c - a potion of agility
 t - 2 potions of curing
 u - a potion of ambrosia {unknown}
Books
 a - a Young Poisoner's Handbook

   Spells                             Type                      Level
   a - Sting                          Conjuration/Poison           1
   b - Poisonous Vapours              Poison/Air                   2
   c - Mephitic Cloud                 Conjuration/Poison/Air       3
   d - Olgreb's Toxic Radiance        Poison                       4
   e - Venom Bolt                     Conjuration/Poison           5
 e - a book of Flames

   Spells                             Type                      Level
   a - Flame Tongue                   Conjuration/Fire             1
   b - Throw Flame                    Conjuration/Fire             2
   c - Conjure Flame                  Conjuration/Fire             3
   d - Inner Flame                    Hexes/Fire                   3
   e - Sticky Flame                   Conjuration/Fire             4
   f - Fireball                       Conjuration/Fire             5
Comestibles
 b - 4 rations


   Skills:
 - Level 10.0 Short Blades
 * Level 1.7 Polearms
 - Level 5.3 Dodging
 - Level 5.6 Stealth
 - Level 7.5 Spellcasting
 + Level 4.1 Conjurations
 + Level 4.1 Fire Magic
 - Level 3.1 Air Magic
 - Level 5.3 Poison Magic


You had 2 spell levels left.
You knew the following spells:

 Your Spells              Type           Power        Failure   Level  Hunger
a - Sting                 Conj/Pois      ###.         1%          1    None
b - Mephitic Cloud        Conj/Pois/Air  ###.....     5%          3    #......
c - Sticky Flame          Conj/Fire      ###.....     19%         4    ###....
d - Olgreb's Toxic Radia  Pois           ####....     11%         4    ###....
e - Venom Bolt            Conj/Pois      ###.......   36%         5    #####..
f - Fireball              Conj/Fire      ###.......   45%         5    #####..


Dungeon Overview and Level Annotations

Branches:
Dungeon (8/15)             Temple (1/1) D:4
   Lair: D:8-11

Altars:
Ashenzari
Cheibriados
Dithmenos
Elyvilon
Fedhas
Gozag
Hepliaklqana
Kikubaaqudgha
Makhleb
Nemelex Xobeh
Okawaru
Qazlal
Ru
Sif Muna
Trog
Uskayaw
Vehumet
Wu Jian
Xom
Yredelemnul
Zin
The Shining One

Shops:
D:4 :   D:7 %   D:8 [

Annotations:
D:7 Matudinoluver's ghost, novice HaHu
D:8 Maurice


Innate Abilities, Weirdness & Mutations

You can breathe waves of freezing cold.
You can buffet flying creatures when you breathe cold.
Your icy white scales are hard. (AC +7)
You cannot fit into any form of body armour.
Your flesh is cold resistant. (rC+)
You are cold-blooded and may be slowed by cold attacks.
You have large cloven feet.
You are agile. (Dex +2)


Message History

You barely miss the hog. You kick the hog.
The hog is heavily wounded.
The hog bites you but does no damage. The hog closely misses you.
You barely miss the hog. Your kick misses the hog.
The hog is heavily wounded.
The hog bites you but does no damage. The hog barely misses you.
The hog closely misses you.
You barely miss the hog. You tail-slap the hog.
The hog is severely wounded.
The hog closely misses you. The hog completely misses you.
You closely miss the hog. Your kick misses the hog. You tail-slap the hog.
The hog is severely wounded.
The hog bites you but does no damage. The hog closely misses you.
The hog bites you!
* * * LOW HITPOINT WARNING * * *
You slash the hog!
Your weapon exudes an aura of protection.
You kill the hog!
The yak gores you.
You die...

#.# #..####.. #.#
###.## ##. #.#
###...# ## #ยง#
#...### #
###)######## #.###
#........(.#####.#
#................#
#.........########
#.........Y@..%%#
#.........#....%#
#.........###'###
#.........#.....#
#.........#.....#
#.........#######
###########


You could see a yak.

Vanquished Creatures
  A two-headed ogre (D:8)
  2 hippogriffs (D:7)
  A wyvern (D:8)
  A human (D:8)
  3 hogs (D:8)
  Edmund (D:6)
  A water moccasin (D:6)
  A black bear (D:8)
  2 ice beasts
  2 ogres
  The ghost of Hekarica the Stinger, an amateur DrVM (D:3)
  A crocodile (Sewer)
  Blork the orc (D:4)
  3 bullfrogs
  2 scorpions
  A water moccasin skeleton (D:5)
  4 wights (D:6)
  2 howler monkeys (D:7)
  A bullfrog zombie (D:6)
  3 crimson imps
  2 hounds (D:8)
  2 jellies
  7 orc priests
  4 orc wizards
  2 centaur zombies
  2 centaur skeletons
  An iguana (D:5)
  2 worker ants
  Terence (D:2)
  A hound zombie (D:8)
  A hound skeleton (D:4)
  3 worker ant zombies
  8 adders
  A shadow imp (D:7)
  3 oozes
  2 adder skeletons
  2 worms
  2 dart slugs (D:2)
  4 leopard geckos
  16 orcs
  3 ball pythons (D:3)
  4 giant cockroaches
  5 goblins
  6 hobgoblins
  22 jackals
  2 quokkas
  4 bats (D:1)
  5 frilled lizards
  3 hobgoblin zombies (D:7)
  8 kobolds
  2 kobold skeletons (D:7)
  A kobold zombie (D:7)
  2 orc skeletons (D:7)
  A quokka skeleton (D:4)
  9 rats
  A fungus (D:2)
178 creatures vanquished.

Notes
Turn   | Place    | Note
-------+----------+-------------------------------------------
     0 | D:1      | Hekarica the Draconian Venom Mage began the quest for the Orb.
     0 | D:1      | Reached XP level 1. HP: 14/14 MP: 3/3
   425 | D:1      | Reached XP level 2. HP: 11/20 MP: 3/5
  1007 | D:1      | Reached skill level 1 in Short Blades
  1451 | D:2      | Reached XP level 3. HP: 26/26 MP: 0/6
  1637 | D:2      | Noticed Terence
  2117 | D:2      | Killed Terence
  2117 | D:2      | Reached skill level 2 in Short Blades
  2382 | D:2      | Reached XP level 4. HP: 29/33 MP: 7/7
  2919 | D:3      | Reached skill level 3 in Short Blades
  3057 | D:3      | Reached XP level 5. HP: 33/38 MP: 7/9
  3128 | D:3      | Noticed Hekarica's ghost (amateur DrVM)
  3174 | D:3      | Killed Hekarica's ghost
  3313 | D:3      | Found a glowing drain.
  3320 | Sewer    | Entered a sewer
  3425 | Sewer    | Learned a level 3 spell: Mephitic Cloud
  3451 | Sewer    | Reached skill level 4 in Short Blades
  3593 | Sewer    | Noticed a crocodile
  3605 | Sewer    | Killed a crocodile
  3605 | Sewer    | Reached skill level 1 in Air Magic
  3605 | Sewer    | Reached XP level 6. HP: 45/45 MP: 4/11
  3757 | D:4      | Noticed Blork the orc
  3778 | D:4      | HP: 1/45 [Blork the orc/battleaxe of electrocution (14)]
  3783 | D:4      | Killed Blork the orc
  4074 | D:4      | Found Kewyleimn's Book Boutique.
  4133 | D:4      | Gained mutation: You are agile. (Dex +2) [potion of mutation]
  4133 | D:4      | Gained mutation: You have large cloven feet. [potion of mutation]
  4296 | D:4      | Your scales start taking on an icy white colour.
  4296 | D:4      | Reached XP level 7. HP: 50/50 MP: 1/13
  4296 | D:4      | Gained mutation: Your flesh is cold resistant. (rC+) [White Draconian growth]
  4704 | D:4      | Found a staircase to the Ecumenical Temple.
  4725 | Temple   | Entered the Ecumenical Temple
  4875 | Temple   | Became a worshipper of Elyvilon the Healer
  5011 | D:4      | Reached skill level 5 in Short Blades
  5041 | D:5      | Entered Level 5 of the Dungeon
  5247 | D:5      | Found a burning altar of Makhleb.
  5302 | D:5      | Reached * piety under Elyvilon
  5843 | D:5      | Reached skill level 5 in Spellcasting
  6276 | D:5      | Reached XP level 8. HP: 55/57 MP: 15/15
  6719 | D:6      | Noticed Edmund
  6796 | D:6      | Reached ** piety under Elyvilon
  6799 | D:6      | Reached skill level 6 in Short Blades
  7929 | D:6      | Killed Edmund
  8177 | D:7      | Found a glowing golden altar of the Shining One.
  8279 | D:7      | Reached skill level 5 in Poison Magic
  8303 | D:7      | Noticed a hippogriff
  8307 | D:7      | Reached skill level 7 in Short Blades
  8318 | D:7      | Killed a hippogriff
  8318 | D:7      | Reached XP level 9. HP: 41/62 MP: 3/16
  8351 | D:7      | Reached skill level 9 in Short Blades
  8351 | D:7      | Reached skill level 5 in Dodging
  8351 | D:7      | Reached skill level 5 in Stealth
  8351 | D:7      | Reached XP level 10. HP: 53/69 MP: 8/21
  8433 | D:7      | Reached *** piety under Elyvilon
  8670 | D:7      | Found Gasoumy's Food Shoppe.
  8699 | D:7      | Bought a ration for 70 gold pieces
  8699 | D:7      | Bought a ration for 70 gold pieces
  8761 | D:4      | Bought a book of Flames for 350 gold pieces
  8767 | D:4      | Learned a level 4 spell: Sticky Flame
  8772 | D:4      | Learned a level 4 spell: Olgreb's Toxic Radiance
  8778 | D:4      | Learned a level 5 spell: Venom Bolt
  8784 | D:4      | Learned a level 5 spell: Fireball
  9261 | D:7      | Noticed Matudinoluver's ghost (novice HaHu)
  9293 | D:8      | Noticed Maurice
  9522 | D:8      | Got a twisted scythe {protect}
  9523 | D:8      | Identified the +8 scythe "Blob" {protect, Str+3 Stlth+} (You took it off an orc priest on level 8 of the Dungeon)
  9532 | D:8      | Found Vaxketro's Armour Shop.
  9541 | D:8      | Bought a +0 pair of gloves for 54 gold pieces
  9621 | D:8      | Noticed a two-headed ogre
  9640 | D:8      | Killed a two-headed ogre
  9640 | D:8      | Reached skill level 10 in Short Blades
  9731 | D:8      | Reached skill level 1 in Polearms
  9740 | D:8      | HP: 2/69 [yak (17)]
  9754 | D:8      | Elyvilon protects you from harm!
  9759 | D:8      | HP: 3/69 [hog (7)]
  9760 | D:8      | Slain by a yak

Skill      XL: |  1  2  3  4  5  6  7  8  9 10 |
---------------+-------------------------------+-----
Stealth        | 2 3 5 |  5.6
Dodging        | 2 3 5 |  5.3
Short Blades   | 1 2 3 4 5 7 9 10 | 10.0
Conjurations   | 2 3 4 |  4.1
Spellcasting   | 3 4 5 7 |  7.5
Air Magic      | 1 2 3 |  3.1
Poison Magic   | 5 |  5.3
Fire Magic     | 3 4 |  4.1
Polearms       | 1 |  1.7

Action                   |  1- 3 |  4- 6 |  7- 9 | 10-12 || total
-------------------------+-------+-------+-------+-------++-------
Melee: Unarmed           |    13 |       |       |       ||    13
       Dagger            |    97 |       |       |       ||    97
       Tailslap          |    16 |    28 |    45 |    18 ||   107
       Short sword       |    25 |   256 |   374 |   135 ||   790
       Kick              |       |     4 |   111 |    44 ||   159
       Scythe            |       |       |       |    31 ||    31
 Cast: Sting             |    29 |    33 |    48 |    41 ||   151
       Mephitic Cloud    |       |     6 |    10 |    11 ||    27
       Olgreb's Toxic Ra |       |       |       |     2 ||     2
       Sticky Flame      |       |       |       |     1 ||     1
 Abil: Breathe Frost     |       |       |     5 |     4 ||     9
  Use: Scroll            |     5 |     4 |     5 |     7 ||    21
       Potion            |       |     6 |     4 |     1 ||    11
 Stab: Sleeping          |     6 |     2 |     1 |     1 ||    10
       Confused          |       |     2 |       |       ||     2
  Eat: Ration            |     2 |     2 |     3 |     2 ||     9
       Chunk             |       |       |     4 |       ||     4
Armor: Skin              |    42 |    36 |    50 |    33 ||   161
Dodge: Dodged            |    73 |    88 |   115 |    88 ||   364
